Map: Dusk Towers

Players

LilDicky

  • Race: Terran Terran
  • League: Diamond

enrique - Winner!

  • Race: Terran Terran
  • League: Platinum

VOD

http://www.twitch.tv/tumescentpie

Description

Time

  • Played on: Jan. 3, 2016, 2:44 a.m.
  • Length: 7:20
Show
View Real Time Build Order
Export as new Build Order

LilDicky Terran 

Build Orders:  

Get SALT Encoding   

  12  0:01  SCV  
  13  0:15  SCV  
  14  0:29  SCV  
  14  0:34  Supply Depot  
  15  0:56  SCV  
  16  1:05  Barracks  
  16  1:07  Refinery  
  16  1:08  SCV, Refinery  
  17  1:20  SCV  
  18  1:32  SCV  
  19  1:44  Supply Depot, SCV  
  20  1:51  Command Center  
  20  1:58  SCV  
  21  2:16  Orbital Command  
  21  2:18  Marine  
  22  2:23  Supply Depot  
  22  2:36  Factory  
  21  2:40  Marine  
  21  3:02  Marine  
  21  3:03  SCV  
  21  3:05  Orbital Command  
  21  3:19  Factory Tech Lab  
  21  3:20  Marine  
  21  3:25  SCV  
  23  3:39  Siege Tank  
  26  3:43  Starport  
  26  3:47  Marine  
  27  3:48  SCV  
  27  3:53  SCV  
  29  4:04  Marine  
  29  4:07  Liberator  
  30  4:13  SCV x2  
  30  4:14  Siege Tank  
  35  4:20  Supply Depot  
  35  4:23  Engineering Bay  
  35  4:25  SCV  
  35  4:26  SCV  
  35  4:30  Refinery  
  40  4:37  SCV  
  41  4:38  SCV  
  42  4:49  SCV  
  43  4:54  SCV  
  43  4:58  Siege Tank, Liberator  
  47  5:04  SCV  
  47  5:06  SCV, Missile Turret  
  49  5:10  Barracks  
  49  5:12  Barracks  
  49  5:16  SCV  
  49  5:18  SCV  
  54  5:27  Missile Turret  
  54  5:58  Missile Turret  
  54  6:01  SCV  
  54  6:13  Marine  
  54  6:23  Supply Depot  
  54  6:32  Supply Depot  
  54  6:33  Supply Depot  
  54  6:39  Supply Depot  
  54  6:41  Supply Depot  
  54  6:43  Supply Depot  
  54  6:44  Marine x2  
  54  6:45  Viking  
  58  6:49  Command Center  
  58  6:51  Missile Turret  
Show
View Real Time Build Order
Export as new Build Order

enrique Terran - Winner!

Build Orders: Liberator Opening, Reaper Expand 

Get SALT Encoding   

  12  0:01  SCV  
  13  0:13  SCV  
  14  0:20  Supply Depot  
  14  0:28  SCV  
  15  0:41  SCV  
  16  0:45  Barracks  
  16  0:48  Refinery  
  16  0:53  SCV  
  17  1:09  SCV  
  18  1:23  SCV  
  19  1:37  Reaper  
  20  1:40  Orbital Command  
  20  1:46  Command Center  
  20  1:49  Refinery  
  20  2:06  SCV  
  21  2:12  Barracks Reactor  
  21  2:19  SCV  
  21  2:21  Supply Depot  
  22  2:39  SCV  
  23  2:45  Factory  
  23  2:51  Marine x2  
  25  3:11  SCV  
  25  3:12  Marine x2  
  28  3:15  Orbital Command  
  28  3:23  SCV  
  29  3:29  Factory Tech Lab  
  29  3:30  Marine x2  
  29  3:31  Starport  
  31  3:41  SCV  
  32  3:42  SCV  
  33  3:50  Cyclone  
  33  3:52  Liberator  
  33  3:53  Supply Depot, SCV  
  33  3:54  SCV  
  38  4:05  SCV  
  42  4:10  SCV  
  43  4:17  SCV  
  43  4:22  SCV  
  45  4:25  Marine x2  
  45  4:28  Cyclone  
  45  4:29  SCV  
  51  4:35  SCV, Barracks  
  51  4:38  Barracks  
  52  4:41  SCV  
  52  4:42  Marine  
  54  4:47  Supply Depot  
  54  4:49  Engineering Bay  
  54  4:53  SCV  
  54  5:08  SCV x2, Medivac, Marine  
  59  5:16  Terran Infantry Weapons Level 1  
  59  5:17  Supply Depot  
  59  5:18  Supply Depot  
  59  5:20  Siege Tank  
  62  5:34  SCV  
  60  5:37  Barracks Tech Lab  
  60  5:38  Barracks Reactor  
  62  6:05  Viking  
  62  6:10  Supply Depot  
  62  6:14  Supply Depot  
  62  6:20  Siege Tank  
  62  6:31  Marine x3  
  65  6:36  Barracks  
  65  6:38  Barracks  
  65  6:39  Barracks  
  65  6:45  Barracks  
  65  6:49  Medivac, Marine x2  
  65  6:50  Marine  
  70  7:01  SCV x2  
Tags
 
Add a new tag
Caveats
  • Supply blocks, unpowered buildings, or Contaminate may cause inaccurate times.
  • Supply counts are checked every 10 seconds.